 Dungeon Crawl Stone Soup version 0.31-a0-705-ga145531891 (webtiles) character file.

Game seed: 15122088011648865645

9 qw the Shooter (level 2, 0/17 HPs)
             Began as a Gargoyle Hunter on Sept 9, 2023.
             Slain by a gnoll
             ... wielding a +0 spear
              (6 damage)
             ... on level 1 of the Dungeon.
             The game lasted 00:00:07 (409 turns).

qw the Shooter (Gargoyle Hunter)                     Turns: 409, Time: 00:00:07

Health: 0/17       AC:  5    Str: 14    XL:     2   Next: 16%
Magic:  2/2        EV: 11    Int:  9    God:
Gold:   43         SH:  0    Dex: 13    Spells: 1/1 levels left

rFire   . . .        a - +0 shortbow
rCold   . . .        (shield currently unavailable)
rNeg    + . .        c - +0 leather armour
rPois   inf          (no helmet)
rElec   +            (no cloak)
rCorr   .            (no gloves)
SInv    .            (no boots)
Will    .....        (no amulet)
Stlth   +            (no ring)
HPRegen 0.22/turn    (no ring)
MPRegen 0.08/turn

%: no passive effects
@: no status effects
A: sickness immunity, AC +2, negative energy resistance 1, electricity
resistance, torment resistance 1, petrification resistance
a: no special abilities


You were on level 1 of the Dungeon.
You visited 1 branch of the dungeon, and saw 1 of its levels.

You collected 43 gold pieces.


Innate Abilities, Weirdness & Mutations

You are immune to sickness and miasma.
Your stone body is resilient. (AC +2)
You are immune to poison.
You resist negative energy. (rN+)
You are resistant to electric shocks. (rElec)
You are resistant to unholy torment.
You are immune to petrification.


   Skills:
 - Level 2.1 Fighting
 + Level 4.5 Ranged Weapons
 - Level 1.5 Dodging
 - Level 1.1 Stealth


You had one spell level left.
You didn't know any spells.
Your spell library was empty.

Inventory:

Hand Weapons
 a - a +0 shortbow (weapon)
Armour
 c - a +0 leather armour (worn)
Scrolls
 b - a scroll of butterflies

Dungeon Overview and Level Annotations

Branches:
Dungeon (1/15)

Altars:


Message History

The frilled lizard is severely wounded.
You hear a shout!
You shoot an arrow. The arrow hits the frilled lizard!
You kill the frilled lizard!
A kobold comes into view. It is wielding a +0 short sword.
You shoot an arrow.
The arrow hits the kobold but does no damage.
The kobold misses you.
You shoot an arrow. The arrow closely misses the kobold.
The kobold hits you but does no damage.
You shoot an arrow. The arrow closely misses the kobold.
The kobold hits you but does no damage.
You shoot an arrow. The arrow closely misses the kobold.
The kobold hits you but does no damage.
You shoot an arrow. The arrow hits the kobold.
You kill the kobold!
Things that are here:
a +0 short sword; 2 stones; a kobold corpse You now have 31 gold pieces (gained 5).
You now have 43 gold pieces (gained 12).
A gnoll comes into view. It is wielding a +0 spear.
You shoot an arrow. The arrow hits the gnoll.
The gnoll shouts!
The gnoll is lightly wounded.
You shoot an arrow.
The arrow hits the gnoll but does no damage.
The gnoll is lightly wounded.
The gnoll hits you from afar with a +0 spear.
You shoot an arrow. The arrow closely misses the gnoll.
The gnoll hits you from afar with a +0 spear.
You shoot an arrow. The arrow barely misses the gnoll.
The gnoll hits you from afar with a +0 spear.
You shoot an arrow. The arrow barely misses the gnoll.
The gnoll barely misses you.
The gnoll hits you from afar with a +0 spear!
You shoot an arrow. The arrow barely misses the gnoll.
The gnoll barely misses you.
You shoot an arrow. The arrow barely misses the gnoll.
The gnoll hits you from afar with a +0 spear.
You die...

######## #......#
#......# #..###.#
#..###.########
##..#......@...#
#.....#.#####g.....
#.......# ...##
#.#.###.# .##
####.#.###.# #
#..........#
#.##.##..###
#.##.#.## #
#...###.#


You could see a gnoll.

Vanquished Creatures
  A ball python (D:1)
  A quokka (D:1)
  A bat (D:1)
  3 frilled lizards (D:1)
  2 goblins (D:1)
  A kobold (D:1)
  2 rats (D:1)
11 creatures vanquished.

Notes
Turn   | Place    | Note
-------+----------+-------------------------------------------
     0 | D:1      | qw the Gargoyle Hunter began the quest for the Orb.
     0 | D:1      | Reached XP level 1. HP: 12/12 MP: 1/1
     0 | D:1      | 0 ||| qw: Version: 0.3-a-80-g6052c40
     0 | D:1      | 0 ||| qw: Game counter: 1329
     0 | D:1      | 0 ||| qw: Melee chars always use a shield: true
     0 | D:1      | 0 ||| qw: God list: Okawaru
     0 | D:1      | 0 ||| qw: Allow faded altars: false
     0 | D:1      | 0 ||| qw: Do Orc after clearing Dungeon:15 true
     0 | D:1      | 0 ||| qw: Do second Lair branch before Depths: true
     0 | D:1      | 0 ||| qw: Lair rune preference: random
     0 | D:1      | 0 ||| qw: Goals: Normal
     0 | D:1      | 0 ||| PLANNING D:1-11
   244 | D:1      | Reached XP level 2. HP: 17/17 MP: 2/2
   409 | D:1      | Slain by a gnoll

Levels and vault maps discovered:
D:1:      dpeg_arrival_shrine, layout_loops_corners, kennysheep_boxes

Action                     || total
---------------------------++-------
   Fire: Shortbow          ||    32
 Armour: Leather armour    ||     9
  Dodge: Dodged            ||     6

Table legend:
 A = Non-vault XP
 B = Vault XP
 C = Vault XP percentage of total XP
 D = Non-vault monster count
 E = Vault monster count
 F = Vault count percentage of total count
                 A         B        C        D         E       F
            +---------+---------+-------+---------+---------+-------
      Total |      14 |       0 |   0.0 |      11 |       0 |   0.0
            +---------+---------+-------+---------+---------+-------
        D:1 |      14 |       0 |   0.0 |      11 |       0 |   0.0
            +---------+---------+-------+---------+---------+-------
